 Dungeon Crawl Stone Soup version 0.29.1-15-g9cfb28693d (webtiles) character file.

Game seed: 12235295319813879399

135 KittyFluff the Cudgeller (level 5, -5/33 HPs)
             Began as a Gargoyle Berserker on Apr 23, 2023.
             Was a Believer of Trog.
             Slain by Pikel
             ... wielding a +0 whip of flaming
              (10 damage)
             ... on level 3 of the Dungeon.
             The game lasted 00:09:59 (3149 turns).

KittyFluff the Cudgeller (Gargoyle Berserker)       Turns: 3149, Time: 00:10:00

Health: -5/33      AC:  8    Str: 21    XL:     5   Next: 18%
Magic:  5/5        EV: 12    Int:  7    God:    Trog [**....]
Gold:   161        SH:  0    Dex: 11    Spells: 4/4 levels left

rFire   + . .      SeeInvis .   a - +0 mace
rCold   . . .      Faith    .   (no shield)
rNeg    + . .      Spirit   .   m - +0 leather armour
rPois   ∞          Reflect  .   q - +0 helmet
rElec   +          Harm     .   (no cloak)
rCorr   .          Rampage  .   (no gloves)
Will    .....                   (no boots)
Stlth   +.........              (no amulet)
HPRegen 0.11/turn               t - ring of protection from fire
MPRegen 0.09/turn               (no ring)

@: no status effects
A: sickness immunity, AC +4, negative energy resistance 1, electricity
resistance, torment resistance 1, petrification resistance
a: Renounce Religion, Berserk, Trog's Hand


You were on level 3 of the Dungeon.
You worshipped Trog.
Trog was pleased with you.
You visited 1 branch of the dungeon, and saw 4 of its levels.

You collected 161 gold pieces.

Inventory:

Hand Weapons
 a - a +0 mace (weapon)
 h - a +0 sling
 p - a +0 sling
Missiles
 i - 21 stones (quivered)
 r - 5 poisoned darts
Armour
 m - a +0 leather armour (worn)
 q - a +0 helmet (worn)
Jewellery
 t - a ring of protection from fire (left hand)
Scrolls
 b - a scroll of acquirement {unknown}
 f - 3 scrolls of identify {unknown}
 g - a scroll of teleportation {unknown}
 k - a scroll of poison {unknown}
 l - a scroll of amnesia {unknown}
 s - a scroll of fog {unknown}
 u - a scroll of enchant weapon {unknown}
Potions
 c - a potion of haste {unknown}
 d - 2 potions of curing
 e - 3 potions of berserk rage {unknown}
 j - a potion of flight {unknown}
 n - a potion of heal wounds {unknown}
 o - a potion of attraction {unknown}


   Skills:
 + Level 4.0 Fighting
 + Level 4.0 Maces & Flails
 * Level 3.1 Armour
 + Level 2.5 Dodging
 + Level 0.8 Stealth


You had 4 spell levels left.
You didn't know any spells.
Your spell library was empty.

Dungeon Overview and Level Annotations

Branches:
Dungeon (4/15)
 Temple: D:4-7

Altars:
Makhleb

Shops:
D:1 *

Annotations:
D:3 Pikel


Innate Abilities, Weirdness & Mutations

You are immune to sickness and miasma.
Your stone body is resilient. (AC +4)
You are immune to poison.
You resist negative energy. (rN+)
You are resistant to electric shocks. (rElec)
You are resistant to unholy torment.
You are immune to petrification.


Message History

The lemure hits you but does no damage. The lemure closely misses you.
You barely miss the lemure.
The lemure is heavily wounded.
The lemure closely misses you.
You hit the lemure.
The lemure is severely wounded.
The lemure hits you but does no damage.
You hit the lemure.
The lemure is almost dead.
The lemure hits you.
* * * LOW HITPOINT WARNING * * *
You feel better. The lemure closely misses you.
You closely miss the lemure.
The lemure is almost dead.
The lemure hits you but does no damage.
The endoplasm jiggles.
You hit the lemure.
You kill the lemure!
That felt strangely unrewarding.
The endoplasm misses you.
You hit the endoplasm.
The endoplasm is lightly wounded.
The endoplasm freezes you.
You are frozen.
You barely miss the endoplasm.
The endoplasm is lightly wounded.
The endoplasm freezes you.
You are frozen.
* * * LOW HITPOINT WARNING * * *
You sock the endoplasm!
You kill the endoplasm!
Trog accepts your kill.
You sock Pikel!
Pikel is moderately wounded.
Pikel barely misses you.
You barely miss Pikel.
Pikel is lightly wounded.
Pikel hits you with a +0 whip of flaming.
* * * LOW HITPOINT WARNING * * *
Pikel hits you with a +0 whip of flaming!
You die...

....................##.##.#.# #.
####...####.........##)##.#.# #.
.#....## #.........##†##.#.# #.
.#.#### #.#.......##.##.#.# ##.
.#.# #.#.......##.##>#.###..
.#.########.#..)>...##...........
.#.#...........#5#.######...#..##
.....######.##.#K#.# #..###.#
##.### #.#..#@#.# #..###.# #.#
##.#.##.#.# #......+ #.#
##.....#.#.# ##.###.# #.#
##.......<#.#######.# #.#
#.#####...................# #.##
#..............#..######### #...
#######...........# ##..
####.#.####.# ##. ###.#..).# #.


You could see Pikel and a lemure.

Vanquished Creatures
  A lemure (D:3)
  Robin (D:3)
  5 adders
  A worm (D:3)
  3 dart slugs (D:1)
  7 endoplasms
  3 giant cockroaches (D:1)
  9 goblins
  3 hobgoblins
  3 jackals (D:2)
  A quokka (D:2)
  10 ball pythons
  6 bats
  7 frilled lizards
  6 kobolds
  3 rats
69 creatures vanquished.

Notes
Turn   | Place    | Note
-------+----------+-------------------------------------------
     0 | D:1      | KittyFluff the Gargoyle Berserker began the quest for the
                  | Orb.
     0 | D:1      | Reached XP level 1. HP: 14/14 MP: 1/1
    58 | D:1      | Found Lovaqiko's General Store.
   228 | D:1      | Reached XP level 2. HP: 12/19 MP: 2/2
  1029 | D:1      | Reached XP level 3. HP: 23/23 MP: 3/3
  1039 | D:1      | Reached ** piety under Trog
  1120 | D:1      | You fall into a shaft and drop 1 floor!
  1931 | D:2      | Found a faded altar of an unknown god.
  1961 | D:2      | Reached XP level 4. HP: 28/29 MP: 4/4
  2478 | D:3      | Found a burning altar of Makhleb.
  2617 | D:3      | Noticed Robin
  2631 | D:3      | Reached XP level 5. HP: 30/33 MP: 5/5
  2650 | D:3      | Killed Robin
  3120 | D:4      | Noticed Pikel
  3120 | D:4      | Noticed a lemure
  3120 | D:4      | Noticed a lemure
  3120 | D:4      | Noticed a lemure
  3120 | D:4      | Noticed a lemure
  3144 | D:3      | Killed a lemure
  3149 | D:3      | Slain by Pikel

Illustrated notes

Levels and vault maps discovered:
D:1:      elethiomel_arrival_quiet, layout_basic, serial_shops,
          nicolae_square_shop, st_stairs_10
D:2:      layout_basic, nicolae_ecumenical_oubliette
D:3:      layout_loops_ring, lemuel_doored_altar, uniq_robin
D:4:      layout_cave_pods, serial_column_ruins, column_ruins_columns_straight,
          column_ruins_open_medium_water, column_ruins_open_tiny,
          column_ruins_grid_1, column_ruins_columns_corner, uniq_duvessa,
          uniq_pikel, uniq_blork_the_orc

Skill      XL: |  1  2  3  4  5 |
---------------+----------------+-----
Dodging        | 2 |  2.5
Armour         | 3 |  3.1
Fighting       | 4 |  4.0
Maces & Flails | 4 |  4.0
Stealth        | |  0.8

Action                   |  1- 3 |  4- 6 || total
-------------------------+-------+-------++-------
Melee: Mace              |   129 |   110 ||   239
       Punch             |     2 |       ||     2
  Use: Potion            |       |     2 ||     2
 Stab: Sleeping          |       |     1 ||     1
Armor: Animal skin       |    40 |       ||    40
       Leather armour    |     4 |    40 ||    44
Dodge: Dodged            |    88 |    71 ||   159
